 Dungeon Crawl Stone Soup version 0.31.0-32-g396128a36d (webtiles) character file.

Game seed: 17572808410387758436

1677184 LordWeiramon the Politician (level 27, 199/199 HPs)
             Began as a Kobold Enchanter on Mar 26, 2024.
             Was the Champion of Ashenzari.
             Escaped with the Orb
             ... and 3 runes on Mar 27, 2024!
             The game lasted 04:19:05 (68543 turns).

LordWeiramon the Politician (Kobold Enchanter)     Turns: 68543, Time: 04:19:05

Health: 199/199    AC: 36    Str:  5    XL:     27
Magic:  37/37      EV: 41    Int: 17    God:    Ashenzari [******]
Gold:   5176       SH: 11    Dex: 41    Spells: 34/47 levels left

rFire   + . .        a - +9 rapier of Supernal Wisdom {speed, Comp, Fort} (curse)
rCold   + . .        G - +0 buckler of the Cryptic Burden {rC+, Comp, Fort} (curse)
rNeg    + + +        L - +7 swamp dragon scales of Ashenzari's Burden {rPois, Cun, Self} (curse)
rPois   +            W - +0 helmet of Ashenzari's Pleiades {^Contam rN+++ Dex+2 Stlth+, Self, Elem} (curse)
rElec   .            X - +2 cloak "Lashed Frustration" {rF+, Bglg, Fort} (curse)
rCorr   .            Z - +2 pair of gloves "Restrained Together" {Stlth+, Dev, Fort} (curse)
SInv    +            O - +2 pair of boots "I Knew You'd Do That" {Dev, Comp} (curse)
Will    +++++        x - amulet of the Four Winds {rN+ Will+++ Clar, Bglg, Self} (curse)
Stlth   +++++        t - ring of the Unmoving One {Dex+6, Dev, Fort} (curse)
HPRegen 0.53/turn    h - ring of Ashenzari's Hedonism {Dex+6, Bglg, Fort} (curse)
MPRegen 0.25/turn

%: clarity
@: studying 2 skills
A: small, no large weapons, nightstalker 3, weak 1
0: Orb of Zot
}: 3/15 runes: decaying, silver, gossamer
a: Renounce Religion, Shatter the Chains


You escaped.
You worshipped Ashenzari.
Ashenzari was exalted by your worship.
You visited 10 branches of the dungeon, and saw 48 of its levels.
You visited 1 bazaar.
You also visited: Bailey, Ice Cave and Volcano.

You collected 10765 gold pieces.
You spent 5589 gold pieces at shops.

Inventory:

Hand Weapons
 a - the cursed +9 rapier of Supernal Wisdom (weapon) {speed, Comp, Fort}
   (You bought it in a shop on level 2 of the Orcish Mines)

   It has a curse which improves the following skills: Companions: Summonings
   and Necromancy.
   Fortitude: Armour and Shields.
Missiles
 d - 12 curare-tipped darts
 u - 8 throwing nets
 N - 45 poisoned darts (quivered)
Armour
 G - the cursed +0 buckler of the Cryptic Burden (worn) {rC+, Comp, Fort}
   (You found it in an ice cave)

   It has a curse which improves the following skills: Companions: Summonings
   and Necromancy.
   Fortitude: Armour and Shields.
 L - the cursed +7 swamp dragon scales of Ashenzari's Burden (worn) {rPois, Cun, Self}
   (You took it off Maggie on level 8 of the Dungeon)

   rPois:     It protects you from poison It has a curse which improves the
   following skills: Cunning: Dodging and Stealth.
   Introspection: Fighting and Spellcasting.
 O - the cursed +2 pair of boots "I Knew You'd Do That" (worn) {Dev, Comp}
   (You found it on level 3 of the Swamp)

   It has a curse which improves the following skills: Devices: Evocations and
   Shapeshifting.
   Companions: Summonings and Necromancy.
 W - the cursed +0 helmet of Ashenzari's Pleiades (worn) {^Contam rN+++ Dex+2 Stlth+, Self, Elem}
   (You found it in a volcano)

   Dex+2:     It affects your dexterity (+2).
   rN+++:     It renders you almost immune to negative energy.
   ^Contam:   It causes magical contamination when unequipped.
   Stlth+:    It makes you more stealthy.
   It has a curse which improves the following skills: Introspection: Fighting
   and Spellcasting.
   Elements:  Fire Magic, Ice Magic, Air Magic and Earth Magic.
 X - the cursed +2 cloak "Lashed Frustration" (worn) {rF+, Bglg, Fort}
   (You found it in a volcano)

   It has a curse which improves the following skills: Beguiling: Hexes and
   Translocations.
   Fortitude: Armour and Shields.
 Z - the cursed +2 pair of gloves "Restrained Together" (worn) {Stlth+, Dev, Fort}
   (You bought it in a shop on level 2 of the Orcish Mines)

   It has a curse which improves the following skills: Devices: Evocations and
   Shapeshifting.
   Fortitude: Armour and Shields.
Jewellery
 h - the cursed ring of Ashenzari's Hedonism (right hand) {Dex+6, Bglg, Fort}
   (You took it off a wight on level 8 of the Dungeon)

   [ring of dexterity]

   Dex+6:     It affects your dexterity (+6).
   It has a curse which improves the following skills: Beguiling: Hexes and
   Translocations.
   Fortitude: Armour and Shields.
 t - the cursed ring of the Unmoving One (left hand) {Dex+6, Dev, Fort}
   (You found it on level 4 of the Dungeon)

   [ring of dexterity]

   Dex+6:     It affects your dexterity (+6).
   It has a curse which improves the following skills: Devices: Evocations and
   Shapeshifting.
   Fortitude: Armour and Shields.
 x - the cursed amulet of the Four Winds (around neck) {rN+ Will+++ Clar, Bglg, Self}
   (You bought it in a shop on level 3 of the Depths)

   [amulet of nothing]

   rN+:       It protects you from negative energy.
   Will+++:   It greatly increases your willpower.
   Clar:      It protects you from confusion, rage, mesmerisation and fear.
   It has a curse which improves the following skills: Beguiling: Hexes and
   Translocations.
   Introspection: Fighting and Spellcasting.
 H - the amulet "Laungas" {Faith ^Fragile rN+ Regen+ Dex+4}
   (You found it on level 5 of the Vaults)

   [amulet of faith]

   Faith:     It allows you to gain divine favour quickly.
   Dex+4:     It affects your dexterity (+4).
   rN+:       It protects you from negative energy.
   Regen+:    It increases your rate of health regeneration.
   ^Fragile:  It will be destroyed if unequipped.
 T - the ring of the Endless Expanse {Wiz rElec rN+}
   (You found it on level 3 of the Realm of Zot)

   [ring of wizardry]

   Wiz:       It improves your spell success rate.
   rElec:     It insulates you from electricity.
   rN+:       It protects you from negative energy.
Wands
 o - a wand of mindburst (26)
 s - a wand of charming (41)
 v - a wand of acid (45)
 z - a wand of flame (115)
 I - a wand of roots (48)
 Q - a wand of polymorph (34)
 S - a wand of digging (18)
Scrolls
 b - 7 scrolls of enchant weapon
 e - 9 scrolls of vulnerability
 j - 6 scrolls of blinking
 k - 6 scrolls of poison
 l - 10 scrolls of fear
 r - 9 scrolls of revelation
 y - 11 scrolls of amnesia
 A - 4 scrolls of silence
 B - 3 scrolls of brand weapon
 J - 7 scrolls of fog
 M - a scroll of enchant armour
 P - 27 scrolls of teleportation
 R - 4 scrolls of summoning
Potions
 c - 6 potions of resistance
 f - 4 potions of berserk rage
 g - 12 potions of cancellation
 i - 25 potions of curing
 n - 13 potions of haste
 p - 10 potions of heal wounds
 q - 9 potions of ambrosia
 w - 4 potions of magic
 C - 8 potions of might
 D - 5 potions of invisibility
 F - 11 potions of mutation
 K - 3 potions of enlightenment
 Y - 5 potions of brilliance
Miscellaneous
 m - a phial of floods
 E - a lightning rod (4/4)
 U - a box of beasts


   Skills:
 - Level 24.8(27) Fighting
 O Level 27 Short Blades
 - Level 6.2 Throwing
 + Level 16.9(24.3) Armour
 - Level 25.6(27) Dodging
 - Level 25.3(27) Stealth
 - Level 7.2(14.4) Shields
 - Level 6.1(10.7) Spellcasting
 - Level 10.7(15.4) Hexes
 - Level 1.0(2.4) Ice Magic
 - Level 10.2(12.7) Air Magic
 - Level 6.0(8.4) Earth Magic
 - Level 6.8(11.5) Evocations


You had 34 spell levels left.
You knew the following spells:

 Your Spells              Type           Power      Damage    Failure   Level
a - Passwall              Erth           37%        N/A       1%          3
b - Ensorcelled Hibernat  Hex/Ice        78%        N/A       1%          2
c - Confusing Touch       Hex            57%        N/A       1%          3
s - Silence               Hex/Air        27%        N/A       1%          5

Your spell library contained the following spells:

 Spells                   Type           Power      Damage    Failure   Level
 Sandblast                Erth           74%        2d16      1%          1
 Shock                    Conj/Air       100%       1d9       1%          1
 Jinxbite                 Hex            100%       N/A       1%          2
 Swiftness                Air            51%        N/A       1%          3
 Tukima's Dance           Hex            57%        N/A       1%          3
 Airstrike                Air            25%        2d(4-20)  1%          4
 Cause Fear               Hex            28%        N/A       1%          4
 Mercury Vapours          Alch/Air       60%        N/A       2%          2
 Dazzling Flash           Conj/Hex       70%        N/A       2%          3
 Anguish                  Hex/Necr       18%        N/A       8%          4
 Dimensional Bullseye     Hex/Tloc       18%        N/A       8%          4
 Freeze                   Ice            68%        1d8       9%          1
 Mephitic Cloud           Conj/Alch/Air  23%        N/A       12%         3
 Stone Arrow              Conj/Erth      46%        3d9       12%         3
 Vhi's Electric Charge    Tloc/Air       62%        N/A       14%         4
 Metabolic Englaciation   Hex/Ice        19%        N/A       16%         5
 Apportation              Tloc           22%        N/A       17%         1
 Summon Small Mammal      Summ           44%        N/A       17%         1
 Kiss of Death            Conj/Necr      40%        2d8       19%         1
 Lee's Rapid Deconstruct  Erth           18%        3d11*     19%         5
 Sting                    Conj/Alch      36%        1d5       22%         1
 Ozocubu's Armour         Ice            17%        N/A       24%         3
 Yara's Violent Unravell  Hex/Alch       17%        3d8       26%         5
 Animate Armour           Summ/Erth      48%        N/A       32%         4
 Enfeeble                 Hex            28%        N/A       32%         7
 Brom's Barrelling Bould  Conj/Erth      23%        2d4       36%         4
 Leda's Liquefaction      Alch/Erth      11%        N/A       36%         4
 Hailstorm                Conj/Ice       13%        3d6       38%         3
 Arcjolt                  Conj/Air       15%        1d25      41%         5
 Call Canine Familiar     Summ           11%        N/A       45%         3
 Fugue of the Fallen      Necr           11%        N/A       45%         3
 Gell's Gravitas          Tloc           11%        N/A       45%         3
 Teleport Other           Tloc           11%        N/A       45%         3
 Freezing Cloud           Conj/Ice/Air   13%        6-21      61%         5
 Borgnjor's Vile Clutch   Necr/Erth      12%        N/A       67%         5
 Animate Dead             Necr           11%        N/A       86%         4
 Dispel Undead            Necr           11%        3d9       86%         4
 Manifold Assault         Tloc           11%        N/A       86%         4
 Passage of Golubria      Tloc           11%        N/A       86%         4
 Summon Blazeheart Golem  Fire/Summ      10%        N/A       87%         4
 Iskenderun's Mystic Bla  Conj/Tloc      10%        2d4       88%         4
 Ignite Poison            Fire/Alch      9%         N/A       90%         4
 Sticky Flame             Fire/Alch      9%         2d5       90%         4
 Olgreb's Toxic Radiance  Alch           9%         N/A       91%         4
 Conjure Ball Lightning   Conj/Air       15%        3x3d6     94%         6
 Alistair's Intoxication  Alch           6%         N/A       99%         5
 Fireball                 Conj/Fire      4%         3d4       99%         5
 Iskenderun's Battlesphe  Conj           9%         2d6       99%         5
 Bombard                  Conj/Erth      11%        9d3       99%         6
 Dispersal                Tloc           5%         N/A       100%        6
 Eringya's Noxious Bog    Alch           4%         4d6       100%        6
 Sculpt Simulacrum        Ice/Alch       6%         N/A       100%        6
 Haunt                    Necr/Summ      5%         N/A       100%        7
 Malign Gateway           Summ/Tloc      5%         N/A       100%        7
 Orb of Destruction       Conj           4%         9d5       100%        7
 Ozocubu's Refrigeration  Ice            8%         4d9       100%        7
 Spellforged Servitor     Conj/Summ      5%         N/A       100%        7
 Disjunction              Tloc           5%         N/A       100%        8
 Ignition                 Fire           5%         3d4       100%        8
 Infestation              Necr           5%         N/A       100%        8
 Lehudib's Crystal Spear  Conj/Erth      11%        10d4      100%        8
 Maxwell's Capacitive Co  Air            25%        ∞         100%        8
 Summon Horrible Things   Summ           5%         N/A       100%        8
 Chain Lightning          Conj/Air       15%        3d20      100%        9
 Dragon's Call            Summ           5%         N/A       100%        9


Dungeon Overview and Level Annotations

Branches:
Dungeon (15/15)            Temple (1/1) D:6            Lair (5/5) D:9
  Swamp (4/4) Lair:3       Spider (4/4) Lair:2        Slime (0/5) Lair:5
    Orc (2/2) D:9             Elf (3/3) Orc:2        Vaults (5/5) D:13
  Crypt (0/3) Vaults:2     Depths (4/4) D:15            Zot (5/5) Depths:4
 Bailey (visited)           IceCv (visited)         Volcano (visited)

Altars:
Ashenzari
Cheibriados
Dithmenos
Elyvilon
Fedhas
Gozag
Hepliaklqana
Kikubaaqudgha
Makhleb
Nemelex Xobeh
Okawaru
Qazlal
Ru
Sif Muna
Trog
Uskayaw
Vehumet
Wu Jian
Xom
Yredelemnul
Zin
The Shining One
Jiyva
Lugonu

Shops:
D:1 [   D:7 [   Orc:2 ([(:   Elf:1 (!   Vaults:2 =!   Vaults:4 ?[
Depths:1 [=*?!   Depths:3 :==

Portals:
Hell: Depths:1 Depths:2 Depths:3 Depths:4
Abyss: Lair:5 Depths:3 Depths:4
Pandemonium: Depths:1 Depths:2 Depths:3 Depths:4
Ziggurat: Depths:1

Annotations:
Swamp:2 exclusion: vampire mosquito, Louise


Innate Abilities, Weirdness & Mutations

You are small and have problems with some larger weapons.
You are completely attuned to the shadows.
You are weak. (Str -2)


Message History

Things that are here:
a +0 robe; a +2 short sword of protection
There is an open door here.
A tormentor comes into view.
Unknown command.
The tormentor completely misses you. You block the tormentor's attack.
You block the tormentor's attack. The tormentor completely misses you.
You impale the tormentor!!
The tormentor is severely wounded.
You closely miss the tormentor.
The tormentor is severely wounded.
You block the tormentor's attack. The tormentor completely misses you.
You puncture the tormentor!
You kill the tormentor!
There is a stone staircase leading up here.
You climb upwards.
There is a stone staircase leading down here.
There is a stone staircase leading up here.
You climb upwards.
There is a stone staircase leading down here.
There is a stone staircase leading up here.
You climb upwards.
There is a stone staircase leading down here.
There is an open door here.
There is a stone staircase leading up here.
You climb upwards.
There is a stone staircase leading down here.
There is a stone staircase leading up here.
You climb upwards.
There is a stone staircase leading down here.
There is an open door here.
There is a stone staircase leading up here.
You climb upwards.
There is a stone staircase leading down here.
There is a stone staircase leading up here.
You climb upwards.
There is a stone staircase leading down here.
There is an open door here.
There is a staircase leading out of the dungeon here.
You have escaped!

#.. ######.#
#...##.. ##.#.....
#..###### #.## #
#.# # #####
####.### #
#@.~♣♣♣~≈#...# #
#.....~♣~#...# #
#~♣♣.....'...#####
#♣~~♣♣.♣P#........
######+###...#####
#............# #
#.........)..# #
#####.##..#### ##
#.##.## ##.


There were no monsters in sight!

Vanquished Creatures
  An ancient lich (Vaults:5)
  2 dread liches
  3 orbs of fire
  6 Killer Klowns
  2 curse toes
  Norris (Vaults:3)
  11 golden dragons
  Jory (Vaults:5)
  Nikola (Swamp:2)
  Arachne (Spider:2)
  An electric golem (Zot:5)
  A shard shrike zombie (Swamp:2)
  Jorgrun (D:15)
  Rupert (D:14)
  16 tentacled monstrosities
  An Ice Fiend (IceCv)
  22 Orb Guardians (Zot:5)
  Mlioglotl (Swamp:4)
  2 liches
  5 titans (Vaults:5)
  6 deep elf blademasters
  2 deep elf master archers (Elf:3)
  Gastronok (D:10)
  3 sphinxes
  9 quicksilver dragons
  9 death cobs
  2 thorn hunters
  19 shadow dragons
  6 tengu reavers
  Aizul (Swamp:2)
  The ghost of seawaffle the Severer, an adept DsBe of Trog (Spider:1)
  16 storm dragons
  15 draconian monks
  Roxanne (Spider:3)
  11 draconian knights
  4 iron dragons
  6 fire giants
  2 deep elf sorcerers
  9 protean progenitors
  10 emperor scorpions
  8 frost giants
  7 draconian shifters
  A balrug (Depths:2)
  12 ghost moths
  6 draconian scorchers
  An angel (Depths:3)
  7 deep elf elementalists
  8 draconian annihilators
  17 vault wardens
  5 broodmothers
  3 orc warlords
  4 draconian stormcallers
  6 spriggan defenders
  10 stone giants
  16 ironbound preservers
  3 formless jellyfish
  22 very ugly things
  6 deep elf death magi
  9 ironbound thunderhulks
  18 green draconians
  3 vampire knights
  10 eleionomae
  10 black draconians
  9 dire elephants
  4 deep elf annihilators (Elf:3)
  6 deep elf demonologists
  13 white draconians
  Azrael (Orc:2)
  15 yellow draconians
  2 war gargoyles
  19 purple draconians
  6 bunyips
  13 red draconians
  11 spark wasps
  10 ettins
  A green death (Depths:3)
  A merfolk javelineer (Depths:4)
  2 blizzard demons
  6 entropy weavers
  2 shambling mangroves
  14 deep elf high priests
  15 yaktaur captains
  32 vault guards
  9 great orbs of eyes
  13 fire dragons
  23 hydras
  A rakshasa (Depths:1)
  A caustic shrike simulacrum (IceCv)
  16 ice dragons
  5 spriggan air magi
  2 hell beasts
  An ogre mage (D:15)
  A peacekeeper (Vaults:1)
  10 ironbound frosthearts
  A ghost crab (Swamp:1)
  6 radroaches
  10 two-headed ogres
  8 centaur warriors
  29 dancing weapons
  9 alligators
  5 boulder beetles
  6 tengu warriors
  18 death yaks
  5 deep troll earth magi
  8 deep troll shamans
  3 thrashing horrors (Lair:5)
  4 orc high priests
  5 hell hogs
  4 hell knights
  9 sun demons
  10 demonic crawlers
  A shock serpent (shapeshifter) (Vaults:5)
  7 spriggan berserkers
  An occultist (Depths:2)
  18 deep elf knights
  6 skysharks
  A titan skeleton (Vaults:5)
  A fire crab (shapeshifter) (D:15)
  5 pharaoh ants
  4 fire crabs (Volcano)
  7 iron trolls
  A goliath frog (shapeshifter) (Vaults:5)
  3 sixfirhies
  A skeletal warrior (Swamp:2)
  2 sea snakes (shapeshifter)
  An orb spider (shapeshifter) (Vaults:5)
  49 deep trolls
  10 goliath frogs
  4 spriggan druids
  12 swamp dragons
  5 arcanists
  2 mana vipers (Zot:5)
  A flayed ghost (Depths:3)
  14 orb spiders
  An orange crystal statue (Elf:2)
  8 bog bodies
  A deep troll (shapeshifter) (Vaults:5)
  7 necromancers
  5 phantasmal warriors (Vaults:5)
  A steelbarb worm (shapeshifter) (Vaults:5)
  10 deep elf archers
  4 steelbarb worms
  Pikel (D:4)
  6 lindwurms
  An obsidian statue (IceCv)
  5 orc knights
  A tengu zombie (Vaults:5)
  19 ironbound convokers
  9 spriggan simulacra (IceCv)
  27 deep elf pyromancers
  21 deep elf zephyrmancers
  An oklob plant (Lair:5)
  7 orc sorcerers
  2 shining eyes (Depths:1)
  5 cyclopes
  17 wolf spiders
  4 manticores
  38 ugly things
  2 will-o-the-wisps
  16 moths of wrath
  2 tengu skeletons
  2 salamanders (Depths:1)
  Joseph (D:8)
  A shadow dragon skeleton (Depths:3)
  9 elephants
  A black mamba (shapeshifter) (D:15)
  5 black mambas
  2 kobold blastminers (Orc:2)
  22 vault sentinels
  4 guardian serpents (Zot:2)
  An iron dragon skeleton (Depths:3)
  6 torpor snails
  13 cane toads
  6 smoke demons
  2 gargoyles
  2 unseen horrors (D:12)
  2 large abominations (Lair:5)
  2 orange demons (D:10)
  Maggie (D:8)
  2 rime drakes
  A yaktaur zombie (Vaults:5)
  2 efreet
  A kobold demonologist (D:13)
  10 freezing wraiths
  9 komodo dragons
  A golden dragon simulacrum (IceCv)
  An anaconda simulacrum (IceCv)
  3 tengu conjurers
  36 yaktaurs
  A tormentor (D:8)
  7 ice devils (IceCv)
  2 bloated husks
  9 trolls
  A troll (shapeshifter) (D:14)
  26 hornets
  5 tyrant leeches
  10 polar bears
  A glass eye (Depths:2)
  An alligator simulacrum (IceCv)
  2 hellwings (Zot:5)
  34 tarantellas
  4 hydra skeletons (Swamp:2)
  19 blink frogs
  A raiju (Lair:5)
  An ettin zombie (Vaults:3)
  Sigmund (D:2)
  7 water elementals
  An air elemental (Elf:1)
  25 culicivoras
  2 dire elephant simulacra (IceCv)
  35 jumping spiders
  4 wyverns
  23 slime creatures
  18 spriggans
  A shadow (D:13)
  A yak (shapeshifter) (Lair:5)
  2 ynoxinuls
  2 wraiths
  4 basilisks
  9 spriggan skeletons (Swamp:2)
  13 vampire mosquitoes
  13 fire bats
  A vampire (D:12)
  62 yaks
  7 steam dragons
  5 wargs
  4 fire elementals
  2 chaos spawn
  Grum (Lair:1)
  A neqoxec (D:10)
  60 redbacks
  10 minotaur simulacra (IceCv)
  A glowing shapeshifter zombie (Depths:3)
  22 water moccasins
  19 swamp worms
  2 acid dragons
  3 human skeletons
  56 orc warriors
  9 hell hounds
  3 hydra simulacra (IceCv)
  9 swamp drakes
  11 black bears
  2 sky beasts
  An ettin simulacrum (IceCv)
  11 ogres
  4 ice beasts
  2 human zombies (Vaults:3)
  A laughing skull (D:15)
  7 small abominations (Lair:5)
  20 wolves
  A lemure (D:4)
  14 centaurs
  A phantom (D:6)
  3 kobold brigands
  18 bullfrogs
  4 gnoll sergeants
  2 scorpions
  2 earth elementals
  9 deep troll simulacra (IceCv)
  5 wights
  A lindwurm simulacrum (IceCv)
  9 killer bees
  2 electric eels (Lair:4)
  4 howler monkeys
  3 hounds
  2 quasits (D:10)
  5 jellies
  2 gnoll boudas
  17 orc priests
  A sleepcap (D:6)
  2 iguanas
  23 orc wizards
  5 adders
  23 gnolls
  A shadow imp (D:4)
  3 ufetubi (D:6)
  A ribbon worm (D:2)
  87 orcs
  6 ball pythons
  5 bats
  13 endoplasms
  A giant cockroach (D:1)
  11 goblins
  10 hobgoblins
  4 jackals (D:4)
  24 kobolds
  3 quokkas
  8 frilled lizards
  4 rats
  2 aspiring fleshes
2296 creatures vanquished.

Vanquished Creatures (others)
  2 deep elf pyromancers
  A bloated husk (Swamp:3)
  A fire elemental (Elf:1)
  A redback (Spider:4)
  A wight (D:9)
  A killer bee (D:9)
  An ufetubus (D:6)
  An orc (Orc:2)
  2 foxfires (Swamp:2)
11 creatures vanquished.

Grand Total: 2307 creatures vanquished

Notes
Turn   | Place    | Note
-------+----------+-------------------------------------------
     0 | D:1      | LordWeiramon the Kobold Enchanter began the quest for the
                  | Orb.
     0 | D:1      | Reached XP level 1. HP: 10/10 MP: 3/3
    33 | D:1      | Found Moqunn's Antique Armour Boutique.
    47 | D:1      | Reached skill level 2 in Short Blades
    55 | D:1      | Reached XP level 2. HP: 16/16 MP: 5/5
    98 | D:1      | Reached skill level 1 in Fighting
   101 | D:1      | Learned a level 2 spell: Ensorcelled Hibernation
   416 | D:1      | Reached XP level 3. HP: 18/20 MP: 6/6
   618 | D:1      | Found a faded altar of an unknown god.
   821 | D:2      | Identified the +1 robe "Vesillil" {rF+ Archmagi}
   859 | D:2      | Reached skill level 3 in Short Blades
   923 | D:2      | Reached XP level 4. HP: 25/26 MP: 7/7
  1547 | D:2      | Noticed Sigmund
  1563 | D:2      | Killed Sigmund
  1564 | D:2      | Reached skill level 5 in Short Blades
  1564 | D:2      | Reached XP level 5. HP: 30/30 MP: 8/8
  1564 | D:2      | Reached XP level 6. HP: 35/35 MP: 9/9
  1946 | D:3      | Found a shimmering altar of Xom.
  1994 | D:3      | Found a sacrificial altar of Ru.
  2371 | D:4      | Reached skill level 1 in Ice Magic
  2513 | D:4      | Reached skill level 5 in Dodging
  2520 | D:4      | Reached XP level 7. HP: 37/41 MP: 10/10
  2629 | D:4      | Found a burning altar of Makhleb.
  3059 | D:4      | Noticed Pikel
  3074 | D:4      | Killed Pikel
  3075 | D:4      | Reached XP level 8. HP: 36/46 MP: 6/11
  3253 | D:5      | Entered Level 5 of the Dungeon
  3344 | D:5      | Found a blossoming altar of Fedhas.
  3362 | D:5      | Reached skill level 6 in Short Blades
  3546 | D:5      | Found a snail-covered altar of Cheibriados.
  3708 | D:5      | Reached skill level 7 in Short Blades
  3907 | D:5      | Reached skill level 8 in Short Blades
  4236 | D:6      | Reached XP level 9. HP: 23/52 MP: 12/12
  4466 | D:6      | Reached skill level 5 in Fighting
  4545 | D:6      | Reached skill level 5 in Stealth
  4954 | D:6      | Found a staircase to the Ecumenical Temple.
  4960 | Temple   | Entered the Ecumenical Temple
  4987 | Temple   | Became a worshipper of Ashenzari the Shackled
  5623 | D:7      | Found a flagged portal.
  5634 | Bailey   | Entered a bailey
  5761 | Bailey   | Found a large runed translucent door.
  5761 | Bailey   | Found a large runed translucent door.
  5761 | Bailey   | Noticed a deep elf pyromancer
  5829 | Bailey   | Noticed an orc knight
  5841 | Bailey   | Killed an orc knight
  5842 | Bailey   | Reached skill level 10 in Dodging
  5842 | Bailey   | Reached XP level 10. HP: 44/59 MP: 13/13
  5854 | Bailey   | Killed a deep elf pyromancer
  5855 | Bailey   | Reached skill level 10 in Short Blades
  5866 | Bailey   | Identified the +9 plate armour "Badaclum" {Dex+3 Stlth+}
  5872 | Bailey   | Identified the +0 leather armour "Annafe" {+Blink Will+
                  | rCorr}
  5969 | D:7      | Identified the +0 robe "Asumorif" {rF++ rC+ Str-2 Archmagi}
  6113 | D:7      | Reached skill level 1 in Evocations
  6202 | D:7      | Found Obocki Goise's Armour Emporium.
  6956 | D:8      | Reached * piety under Ashenzari
  7012 | D:8      | Reached skill level 5 in Evocations
  7519 | D:8      | Reached XP level 11. HP: 42/63 MP: 11/14
  7607 | D:8      | Noticed a cyclops
  7611 | D:8      | Killed a cyclops
  7928 | D:8      | Noticed Joseph
  7929 | D:8      | Found a shimmering blue altar of Sif Muna.
  7932 | D:8      | Killed Joseph
  8027 | D:8      | Reached skill level 1 in Armour
  8086 | D:8      | Reached ** piety under Ashenzari
  8156 | D:8      | Noticed Maggie
  8172 | D:8      | Killed Maggie
  8322 | D:8      | Found a hide-covered altar of Uskayaw.
  8331 | D:8      | Found an ancient bone altar of Kikubaaqudgha.
  8444 | D:8      | Noticed a manticore
  8448 | D:8      | Killed a manticore
  8472 | D:8      | Found a sparkling altar of Nemelex Xobeh.
  9016 | D:9      | Reached skill level 1 in Shields
  9152 | D:9      | Found a staircase to the Lair.
  9153 | D:9      | Noticed an elephant
  9466 | D:9      | Noticed a two-headed ogre
  9623 | D:9      | Killed a two-headed ogre
  9785 | D:9      | Found an ornate altar of the Wu Jian Council.
 10074 | D:9      | Reached XP level 12. HP: 59/72 MP: 15/15
 10138 | D:9      | Reached skill level 5 in Shields
 10251 | D:9      | Learned a level 3 spell: Confusing Touch
 10703 | D:9      | Found a staircase to the Orcish Mines.
 10840 | D:9      | Reached *** piety under Ashenzari
 11195 | D:10     | Entered Level 10 of the Dungeon
 11268 | D:10     | Noticed Gastronok
 11287 | D:10     | Killed Gastronok
 11669 | D:10     | Found Zin's Purification Station.
 11672 | D:10     | Found a glowing silver altar of Zin.
 11675 | D:10     | Bought a potion of curing for 90 gold pieces
 11789 | D:10     | Reached skill level 10 in Stealth
 12060 | D:10     | Identified the blade talisman of Enoerr {Str+5 Stlth+}
 12223 | D:10     | Noticed a sixfirhy
 12244 | D:10     | Killed a sixfirhy
 12313 | D:10     | Reached skill level 1 in Throwing
 12315 | D:10     | Reached **** piety under Ashenzari
 12578 | D:11     | Found a hazy altar of Hepliaklqana.
 12642 | D:11     | Reached skill level 5 in Throwing
 12854 | D:11     | Reached XP level 13. HP: 80/80 MP: 21/21
 13485 | Lair:1   | Entered Level 1 of the Lair of Beasts
 13485 | Lair:1   | Noticed Grum
 13486 | Lair:1   | Killed Grum
 13487 | Lair:1   | Reached skill level 5 in Armour
 13891 | Lair:1   | Reached skill level 10 in Fighting
 14815 | Lair:2   | Found a hole to the Spider Nest.
 15546 | Lair:3   | Reached XP level 14. HP: 80/91 MP: 22/22
 15638 | Lair:3   | Reached skill level 15 in Dodging
 15900 | Lair:3   | Found a staircase to the Swamp.
 15934 | Lair:3   | Reached skill level 11 in Short Blades
 18077 | Lair:3   | Reached XP level 15. HP: 69/96 MP: 23/23
 18608 | Lair:5   | Entered Level 5 of the Lair of Beasts
 18689 | Lair:5   | Reached skill level 10 in Armour
 18804 | Lair:5   | Found a viscous altar of Jiyva.
 18805 | Lair:5   | Found a staircase to the Slime Pits.
 18877 | Lair:5   | Found a dark tunnel.
 18883 | Volcano  | Entered a volcano
 18930 | Volcano  | Found a large runed translucent door.
 18930 | Volcano  | Found a large runed translucent door.
 18937 | Volcano  | Found a large runed translucent door.
 18937 | Volcano  | Found a large runed translucent door.
 18948 | Volcano  | Found a large runed translucent door.
 18948 | Volcano  | Found a large runed translucent door.
 18980 | Volcano  | Found a large runed translucent door.
 18980 | Volcano  | Found a large runed translucent door.
 19016 | Volcano  | Found a large runed translucent door.
 19017 | Volcano  | Found a large runed translucent door.
 19041 | Volcano  | Found a large runed translucent door.
 19042 | Volcano  | Found a large runed translucent door.
 19058 | Volcano  | Found a large runed translucent door.
 19059 | Volcano  | Found a large runed translucent door.
 19061 | Volcano  | Identified the +0 helmet "Wutwy" {^Contam rN+++ Dex+2
                  | Stlth+}
 19089 | Volcano  | Found a large runed translucent door.
 19089 | Volcano  | Found a large runed translucent door.
 19154 | Volcano  | Found a large runed translucent door.
 19154 | Volcano  | Found a large runed translucent door.
 20206 | Lair:5   | Found a corrupted altar of Lugonu.
 20243 | Lair:5   | Found a one-way gate to the infinite horrors of the Abyss.
 20603 | Lair:5   | Found a blossoming altar of Fedhas.
 21364 | D:12     | Reached XP level 16. HP: 106/106 MP: 24/24
 21730 | D:13     | Found a flickering gateway to a bazaar.
 21741 | Bazaar   | Entered a bazaar
 21752 | Bazaar   | Found Fodenir's Jewellery Shoppe.
 21774 | Bazaar   | Found Loomnail's Magic Scroll Shop.
 21806 | Bazaar   | Found Zacroam's Weapon Emporium.
 21815 | Bazaar   | Found Karun's Distillery.
 21857 | Bazaar   | Bought a potion of mutation for 64 gold pieces
 21857 | Bazaar   | Bought 2 potions of mutation for 128 gold pieces
 21857 | Bazaar   | Bought a potion of curing for 24 gold pieces
 21857 | Bazaar   | Bought a potion of haste for 80 gold pieces
 21857 | Bazaar   | Bought a potion of resistance for 80 gold pieces
 21857 | Bazaar   | Bought a potion of mutation for 64 gold pieces
 21857 | Bazaar   | Bought a potion of might for 32 gold pieces
 21891 | Bazaar   | Bought a scroll of fog for 56 gold pieces
 21891 | Bazaar   | Bought a scroll of teleportation for 42 gold pieces
 21891 | Bazaar   | Bought a scroll of enchant armour for 105 gold pieces
 21891 | Bazaar   | Bought a scroll of enchant armour for 105 gold pieces
 21891 | Bazaar   | Bought a scroll of silence for 133 gold pieces
 22022 | D:13     | Reached skill level 12 in Short Blades
 22119 | D:13     | Found a gate to the Vaults.
 22303 | D:13     | Identified the +1 dagger "Arcanum" {venom, *Noise rC+ MP+9
                  | Int+5}
 22744 | D:14     | Reached skill level 13 in Short Blades
 22812 | D:14     | Noticed Rupert
 22815 | D:14     | Killed Rupert
 22824 | D:14     | Reached ***** piety under Ashenzari
 22885 | D:14     | Found a basalt altar of Yredelemnul.
 23081 | D:14     | Reached skill level 14 in Short Blades
 23575 | D:15     | Entered Level 15 of the Dungeon
 23801 | D:14     | Reached skill level 15 in Short Blades
 24122 | D:15     | Identified the +4 hand axe of Raasaikh {flame, Str+2}
 24396 | D:15     | Noticed Jorgrun
 24398 | D:15     | Killed Jorgrun
 24767 | D:15     | Noticed an emperor scorpion
 24771 | D:15     | Found a staircase to the Depths.
 24773 | D:15     | Killed an emperor scorpion
 24912 | Orc:1    | Entered Level 1 of the Orcish Mines
 24997 | Orc:1    | Reached XP level 17. HP: 115/115 MP: 26/26
 25209 | Orc:1    | Reached skill level 15 in Stealth
 25549 | Orc:2    | Entered Level 2 of the Orcish Mines
 26121 | Orc:2    | Noticed Azrael
 26126 | Orc:2    | Killed Azrael
 26274 | Orc:2    | Paralysed by an orc sorcerer for 3 turns
 26283 | Orc:2    | Found Eshrerudgh's Book Emporium.
 26402 | Orc:2    | Found a staircase to the Elven Halls.
 26478 | Orc:2    | Paralysed by an orc sorcerer for 3 turns
 27018 | Orc:2    | Found Ruxawk's Antique Weapon Shop.
 27021 | Orc:2    | Found Reitatt's Antique Armour Boutique.
 27032 | Orc:2    | Bought a pair of runed gloves for 217 gold pieces
 27033 | Orc:2    | Bought a pair of runed gloves for 217 gold pieces
 27177 | Orc:2    | Found Fiefurch's Antique Weapon Boutique.
 27182 | Orc:2    | Bought a runed rapier for 231 gold pieces
 27341 | Swamp:1  | Entered Level 1 of the Swamp
 27471 | Swamp:1  | Reached skill level 16 in Short Blades
 27679 | Swamp:1  | Reached skill level 17 in Short Blades
 28692 | Swamp:2  | Noticed Nikola
 28721 | Swamp:2  | Killed Nikola
 28722 | Swamp:2  | Reached skill level 18 in Short Blades
 28749 | Swamp:2  | Noticed Louise
 28816 | Swamp:2  | Found a glacial archway.
 28848 | IceCv    | Entered an ice cave
 28939 | IceCv    | Reached XP level 18. HP: 119/119 MP: 23/27
 29275 | IceCv    | Reached skill level 19 in Short Blades
 29541 | IceCv    | Noticed an Ice Fiend
 29586 | IceCv    | Killed an Ice Fiend
 29656 | IceCv    | Identified the +1 dire flail "Tuacuink" {heavy, rPois Will+
                  | Dex+3}
 29657 | IceCv    | Identified the Precepts of the Blizzard
 29658 | IceCv    | Identified the staff of Wohiuvva {Dex+7 Conj Fire}
 30084 | Swamp:2  | Identified the serpent talisman of Emykis {rCorr MP+9
                  | Dex+2}
 30084 | Swamp:2  | Noticed Aizul
 30119 | Swamp:2  | Killed Aizul
 31119 | Swamp:3  | Found a white marble altar of Elyvilon.
 31451 | Swamp:4  | Entered Level 4 of the Swamp
 31724 | Swamp:4  | Noticed Mlioglotl
 31868 | Swamp:4  | Reached XP level 19. HP: 120/125 MP: 28/28
 32389 | Swamp:4  | Killed Mlioglotl
 32600 | Swamp:4  | Got a decaying rune of Zot
 32834 | Spider:1 | Entered Level 1 of the Spider Nest
 33138 | Spider:1 | Reached skill level 15 in Fighting
 33252 | Spider:1 | Found a runed translucent gate.
 33252 | Spider:1 | Found a runed translucent gate.
 33252 | Spider:1 | Found a runed translucent gate.
 33693 | Spider:1 | Noticed seawaffle's ghost (adept DsBe)
 33776 | Spider:1 | Killed seawaffle's ghost
 33786 | Spider:1 | Identified the +1 leather armour "Ereixzac" {rF+ Will+}
 34366 | Spider:2 | Reached XP level 20. HP: 140/140 MP: 29/29
 34366 | Spider:2 | Noticed Arachne
 34391 | Spider:2 | Killed Arachne
 34847 | Spider:3 | Noticed Roxanne
 34868 | Spider:3 | Killed Roxanne
 35377 | Spider:4 | Entered Level 4 of the Spider Nest
 36643 | Spider:4 | Got a gossamer rune of Zot
 36936 | Elf:1    | Entered Level 1 of the Elven Halls
 37169 | Elf:1    | Identified the +3 quarterstaff of Huhugok {antimagic,
                  | Int+4}
 37191 | Elf:1    | Reached XP level 21. HP: 104/142 MP: 29/29
 37296 | Elf:1    | Found Nyotz's Distillery.
 37301 | Elf:1    | Bought a potion of curing for 42 gold pieces
 37301 | Elf:1    | Bought a potion of mutation for 112 gold pieces
 37301 | Elf:1    | Bought a potion of invisibility for 112 gold pieces
 37301 | Elf:1    | Bought a potion of curing for 42 gold pieces
 37301 | Elf:1    | Bought a potion of cancellation for 112 gold pieces
 37310 | Elf:1    | Found Koithrewi's Antique Weapon Shop.
 37687 | Elf:1    | Found a huge runed translucent gate.
 37687 | Elf:1    | Found a huge runed translucent gate.
 37688 | Elf:1    | Found a huge runed translucent gate.
 37689 | Elf:1    | Found a huge runed translucent gate.
 37689 | Elf:1    | Found a huge runed translucent gate.
 37689 | Elf:1    | Found a huge runed translucent gate.
 37689 | Elf:1    | Found a huge runed translucent gate.
 37690 | Elf:1    | Found a huge runed translucent gate.
 37690 | Elf:1    | Found a huge runed translucent gate.
 37691 | Elf:1    | Found a huge runed translucent gate.
 37691 | Elf:1    | Found a huge runed translucent gate.
 37692 | Elf:1    | Found a huge runed translucent gate.
 37692 | Elf:1    | Found a huge runed translucent gate.
 37692 | Elf:1    | Found a huge runed translucent gate.
 37692 | Elf:1    | Found a huge runed translucent gate.
 37692 | Elf:1    | Found a huge runed translucent gate.
 37899 | Elf:2    | Reached skill level 20 in Short Blades
 37903 | Elf:2    | Identified the +3 plate armour of Liberalism {Dex+7}
 38356 | Elf:2    | Found a runed translucent gate.
 38357 | Elf:2    | Found a runed translucent gate.
 38364 | Elf:2    | Found a runed translucent gate.
 38497 | Elf:2    | Reached skill level 21 in Short Blades
 39058 | Elf:2    | Reached skill level 22 in Short Blades
 39248 | Elf:3    | Entered Level 3 of the Elven Halls
 39671 | Elf:3    | Reached skill level 23 in Short Blades
 40023 | Elf:3    | Reached XP level 22. HP: 148/148 MP: 30/30
 40063 | Elf:3    | Identified the ring "Aramad" {MP+9 SInv}
 40252 | Elf:3    | Identified the +9 halberd of the Glowing Hawk {flame,
                  | ^Fragile Int+4}
 40257 | Elf:3    | Reached skill level 24 in Short Blades
 40398 | Elf:3    | Identified the staff "Izocros" {rPois Str+6 Int+3 Alchemy}
 40404 | Elf:3    | Identified the Catalogue of the Storm and Ice
 40477 | Elf:3    | Identified the +2 scimitar "Juhegiadu" {drain, Str+4 Dex+3}
 40479 | Elf:3    | Identified the +1 robe of Lugonu's Delight {-Cast Str+8}
 40847 | Vaults:1 | Entered Level 1 of the Vaults
 41329 | Vaults:1 | Reached skill level 25 in Short Blades
 42740 | Vaults:2 | Found Ozaojext's Distillery.
 42743 | Vaults:2 | Bought a potion of heal wounds for 105 gold pieces
 42743 | Vaults:2 | Bought 2 potions of cancellation for 336 gold pieces
 42743 | Vaults:2 | Bought a potion of haste for 210 gold pieces
 42743 | Vaults:2 | Bought a potion of curing for 63 gold pieces
 43254 | Vaults:2 | Reached skill level 26 in Short Blades
 43418 | Vaults:2 | Found Xuirghefa's Jewellery Shop.
 43785 | Vaults:2 | Found a staircase to the Crypt.
 43785 | Vaults:2 | Found an ancient bone altar of Kikubaaqudgha.
 43785 | Vaults:2 | Found a basalt altar of Yredelemnul.
 44600 | Vaults:3 | Noticed Norris
 44610 | Vaults:3 | Killed Norris
 44611 | Vaults:3 | Reached XP level 23. HP: 156/156 MP: 31/31
 45949 | Vaults:4 | Found Qannunie's Armour Shop.
 47008 | Vaults:4 | Found Nisena's Magic Scroll Boutique.
 47014 | Vaults:4 | Bought a scroll of teleportation for 30 gold pieces
 47014 | Vaults:4 | Bought a scroll of fog for 40 gold pieces
 47014 | Vaults:4 | Bought a scroll of enchant armour for 75 gold pieces
 47014 | Vaults:4 | Bought 2 scrolls of teleportation for 60 gold pieces
 47410 | Depths:1 | Entered Level 1 of the Depths
 47572 | Depths:1 | Found a one-way gateway to a ziggurat.
 47662 | Depths:1 | Found a one-way gate leading to the halls of Pandemonium.
 47877 | Depths:1 | Found a stormy altar of Qazlal.
 47898 | Depths:1 | Found Seheomn's General Store.
 47940 | Depths:1 | Learned a level 5 spell: Silence
 47959 | Depths:1 | Bought a wand of acid (3) for 151 gold pieces
 47959 | Depths:1 | Bought a potion of haste for 120 gold pieces
 48008 | Depths:1 | Reached skill level 1 in Air Magic
 48051 | Depths:1 | Found Lyog's Magic Scroll Shoppe.
 48056 | Depths:1 | Bought a scroll of blinking for 112 gold pieces
 48056 | Depths:1 | Bought a scroll of summoning for 142 gold pieces
 48056 | Depths:1 | Bought a scroll of enchant armour for 112 gold pieces
 48056 | Depths:1 | Bought a scroll of silence for 142 gold pieces
 48056 | Depths:1 | Bought a scroll of teleportation for 45 gold pieces
 48056 | Depths:1 | Bought a scroll of teleportation for 45 gold pieces
 48056 | Depths:1 | Bought a scroll of fear for 60 gold pieces
 48205 | Depths:1 | Reached XP level 24. HP: 160/166 MP: 31/31
 48256 | Depths:1 | Found a gateway to Hell.
 48311 | Depths:1 | Reached skill level 5 in Air Magic
 48344 | Depths:1 | Gained mutation: You are frail. (-10% HP) [a shining eye]
 48550 | Depths:1 | Identified the +4 quarterstaff "Jeskeudd" {freeze, rPois}
 48556 | Depths:1 | Found Pulihe's Jewellery Emporium.
 48658 | Depths:1 | Found Ufuraep's Antique Armour Shop.
 48815 | Depths:1 | Found Irehak's Distillery.
 48820 | Depths:1 | Bought a potion of curing for 33 gold pieces
 48820 | Depths:1 | Bought a potion of curing for 33 gold pieces
 48820 | Depths:1 | Bought a potion of curing for 33 gold pieces
 48820 | Depths:1 | Bought a potion of might for 44 gold pieces
 49188 | Depths:2 | Reached ****** piety under Ashenzari
 50582 | Depths:3 | Reached skill level 5 in Spellcasting
 51007 | Depths:3 | Found a runed translucent door.
 51018 | Depths:3 | Found a white marble altar of Elyvilon.
 52057 | Depths:3 | Reached skill level 10 in Hexes
 52167 | Depths:3 | Reached skill level 10 in Air Magic
 52489 | Depths:3 | Found Josicas's Jewellery Boutique.
 52489 | Depths:3 | Found Maane's Jewellery Boutique.
 52490 | Depths:3 | Found Xupuj's Book Emporium.
 52496 | Depths:3 | Bought a book of Geomancy for 600 gold pieces
 52500 | Depths:3 | Learned a level 3 spell: Passwall
 52505 | Depths:3 | Bought the amulet of the Four Winds {rN+ Will+++ Clar} for
                  | 910 gold pieces
 52505 | Depths:3 | Found the amulet of the Four Winds {rN+ Will+++ Clar}
 52584 | Depths:4 | Entered Level 4 of the Depths
 52598 | Depths:4 | Reached skill level 1 in Earth Magic
 52609 | Depths:4 | Reached XP level 25. HP: 93/155 MP: 33/35
 53076 | Depths:4 | Reached skill level 5 in Earth Magic
 53147 | Depths:4 | Identified the +6 dire flail of Eternal Vigilance {freeze,
                  | +Blink rElec rN+}
 53362 | Depths:4 | Paralysed by a hornet for 3 turns
 54427 | Depths:4 | Reached skill level 27 in Short Blades
 54769 | Depths:4 | Found a gate to the Realm of Zot.
 55684 | Vaults:5 | Entered Level 5 of the Vaults
 56323 | Vaults:5 | Reached XP level 26. HP: 161/161 MP: 32/36
 56541 | Vaults:5 | Noticed an ancient lich
 56545 | Vaults:5 | Killed an ancient lich
 56910 | Vaults:5 | Identified Sif Muna's Directory of Composition and Firn
 57085 | Vaults:5 | Noticed Jory
 57090 | Vaults:5 | Killed Jory
 57808 | Vaults:5 | Identified Mnoleg's Compendium of the Commander
 58315 | Vaults:5 | Got a silver rune of Zot
 58862 | Vaults:5 | Identified the amulet "Laungas" {Faith ^Fragile rN+ Regen+
                  | Dex+4}
 59027 | Vaults:5 | Identified the +3 halberd of Viuqokho {protect, SInv}
 59070 | Vaults:5 | Identified the +1 pair of gloves of the Carpenter {Will+
                  | Int+4 Dex-5 SInv}
 59547 | Zot:1    | Entered Level 1 of the Realm of Zot
 59578 | Zot:1    | Reached XP level 27. HP: 172/172 MP: 34/36
 61258 | Zot:2    | Identified the staff "Vididusu" {Int+3 Earth}
 61430 | Zot:2    | Identified the +4 plate armour of the Bedazzled God {Str+3}
 62866 | Zot:3    | Noticed an orb of fire
 62866 | Zot:3    | Killed an orb of fire
 63221 | Zot:3    | Identified Bariam's Octavo of Blasting
 63548 | Zot:3    | Identified the ring of the Endless Expanse {Wiz rElec rN+}
 63608 | Zot:4    | Noticed a Killer Klown
 63610 | Zot:4    | Noticed a dread lich
 63664 | Zot:4    | Noticed a Killer Klown
 63746 | Zot:3    | Killed a dread lich
 63770 | Zot:3    | Killed a Killer Klown
 63826 | Zot:3    | Killed a Killer Klown
 63873 | Zot:4    | Noticed a Killer Klown
 63885 | Zot:4    | Killed a Killer Klown
 65731 | Zot:5    | Entered Level 5 of the Realm of Zot
 66508 | Zot:5    | Reached skill level 15 in Armour
 66772 | Zot:5    | Noticed an orb of fire
 66776 | Zot:5    | Killed an orb of fire
 66828 | Zot:5    | Noticed a Killer Klown
 66849 | Zot:5    | Killed a Killer Klown
 66934 | Zot:5    | Noticed an orb of fire
 66957 | Zot:5    | Killed an orb of fire
 67017 | Zot:5    | Noticed a dread lich
 67018 | Zot:5    | Noticed a Killer Klown
 67022 | Zot:5    | Noticed a Killer Klown
 67024 | Zot:5    | Killed a Killer Klown
 67088 | Zot:5    | Killed a Killer Klown
 67104 | Zot:5    | Killed a dread lich
 67842 | Zot:5    | Lost mutation: You are frail. (-10% HP) [potion of
                  | mutation]
 67842 | Zot:5    | Gained mutation: You are weak. (Str -2) [potion of
                  | mutation]
 67879 | Zot:5    | Got the Orb of Zot
 68543 | D:$      | Escaped with the Orb!

Illustrated notes

Levels and vault maps discovered:
D:1:      tarquinn_simple_flora_water_f, layout_rooms,
          nicolae_ecumenical_lake_church, serial_shops,
          nicolae_shop_advertising_works [nicolae_subvault_shop_adworks]
D:2:      layout_basic, minmay_pentomino_z2, uniq_sigmund
D:3:      layout_basic, mainiacjoe_overflow_24_doors, xom_teletrap_fun
D:4:      layout_rooms, lightli_temple_of_fire, uniq_pikel
D:5:      layout_basic, cheibriados_altar_1, lemuel_crystal_altar
D:6:      layout_cave_pods, minmay_temple_entry_butterflies
D:7:      layout_cave_pools, enter_bailey_3, nicolae_take_the_stairs
D:8:      minmay_razor_zed, layout_basic, old_standard_altar,
          mainiacjoe_overflow_swirl, nemelex_diamond_rough_becter,
          nzn_random_ring, uniq_joseph, uniq_maggie
D:9:      kennysheep_ambush_hall, layout_loops_ring, marbit_many_paths,
          david_lair_generic, minmay_orc_entry_temple_small
D:10:     layout_small_grid, zin_purify, serial_demonic, serial_demonic_a,
          serial_demonic_a, serial_demonic_c, serial_demonic_b, uniq_gastronok
D:11:     layout_loops_corners, nzn_hepliaklqana_mist_gate
D:12:     layout_rooms
D:13:     layout_loops_ring, erik_vaults_1, serial_shops, bzr_entry_dummy
D:14:     layout_basic, yredelemnul_altar_generic, uniq_rupert
D:15:     hangedman_depths_entry_try_elsewhere_first, layout_irregular_city,
          corexii_corridor_pit, drop_trap, minmay_checkerbox, uniq_jorgrun
Temple:   grunt_temple_mini_profane
Lair:1:   layout_loops_ring, chequers_serial_rivers_small_3, uniq_grum
Lair:2:   beast_lair_carwin_large_4, layout_chaotic_city,
          spider_nest_entry_rubble, serial_bayou_shore_b
Lair:3:   dreamdust_cave_troll, layout_cave_pods, minmay_swamp_entry_worms,
          nicolae_lair_run_with_the_wolves, grunt_megastairs_1,
          lemuel_fruit_fields
Lair:4:   layout_cave_pods, serial_bayou_lake_a
Lair:5:   hellmonk_lair_end_abyssal_woods, layout_cave_pods,
          nicolae_slime_entry_slimehenge, enter_volcano_1, st_stairs_5,
          tgw_fedhas, lemuel_fruit_fields
Swamp:1:  nicolae_swamp_wrong_neighborhood, layout_basic_swamp,
          nicolae_swamp_feature_on_the_river_bank,
          nicolae_swamp_decorative_isthmus
Swamp:2:  layout_basic_swamp, portal_ice_cave_entry_pillars_1,
          evilmike_swamp_ruin_house_2, swamp_pool_5, hangedman_swamp_lotus,
          beargit_guarded_unrand_captain_cutlass, uniq_aizul, uniq_nikola,
          uniq_louise
Swamp:3:  layout_basic_swamp, lemuel_altar_in_water, swamp_pool_1_2,
          nicolae_swamp_stuck_in_the_mud
Swamp:4:  swamp_basic_johnstein, layout_basic_swamp, uniq_mlioglotl
Spider:1: layout_spider_delve, gammafunk_ghost_split
Spider:2: cheibrodos_forgotten_conduit, uniq_arachne
Spider:3: layout_cave_pods, uniq_roxanne
Spider:4: spider_rune_water
Orc:1:    layout_caves
Orc:2:    grunt_orc_community_town_hall, layout_caves,
          grunt_orc_community_big_house_1, grunt_orc_community_big_house_1,
          grunt_orc_community_house_2, grunt_orc_community_house_3,
          grunt_orc_community_house_1, grunt_orc_community_house_1,
          grunt_orc_community_house_1, grunt_orc_community_house_1, uniq_azrael
Elf:1:    elf_arrival_001, layout_rooms, hangedman_elf_represent,
          minmay_shoptagon
Elf:2:    nicolae_elf_blades_crystal_corner, layout_geoelf_grid,
          serial_aquarium, aquarium_bridge_straight [aquarium_subvault_bridge,
          aquarium_subvault_wall, aquarium_subvault_bridge,
          aquarium_subvault_wall], aquarium_window_fake, aquarium_window_1,
          aquarium_view_2d, aquarium_view_2f, aquarium_pool_side, minivault_16,
          dk_noncrumbling_4
Elf:3:    minmay_elf_hall_circle, layout_geoelf_grid
Vaults:1: v_misc_31, vaults_room_semicircle, v_alt_pattern_5,
          nicolae_vaults_prndl, nicolae_vaults_trapezoid_lopsided_3,
          vaults_dpeg_cross, nicolae_vaults_storage_room_statues,
          nicolae_vaults_octothorpe, nicolae_vaults_tetromino_T_1,
          nicolae_vaults_little_ls, nicolae_vaults_mini_display_case,
          layout_vaults_chaotic_city
Vaults:2: v_misc_3, minmay_crypt_entry_necro_gods, nicolae_vaults_house_2,
          nicolae_vaults_storage_closets_3, grunt_vaults_diagonal, v_misc_3,
          nicolae_vaults_closet_pinwheel_1, nicolae_vaults_double_plus_3,
          hangedman_vaults_river_flow, nicolae_vaults_ninety_degrees,
          nicolae_vaults_storage_room_doors, nicolae_vaults_specimen_jars,
          layout_vaults_omnicross, serial_shops, nicolae_shop_back_alley_shop,
          nicolae_shop_hallway_stairs
Vaults:3: nicolae_vaults_network_periphery, grunt_vaults_swirl,
          vaults_standard_mumra_x, v_rooms_3, nicolae_vaults_network_square,
          nicolae_vaults_sesquioval_fish, nicolae_vaults_variable_pillar_hall,
          ontoclasm_vaults_idyll, nicolae_vaults_circle_grid_a,
          nicolae_vaults_disappearing_quadrants, nicolae_vaults_asterisk,
          nicolae_vaults_cochlea, layout_vaults_omnibox, uniq_norris
Vaults:4: vaults_dpeg_hooks, nicolae_vaults_arrows, nicolae_vaults_what_the_h,
          nicolae_vaults_diamond_1, v_misc_11,
          nicolae_vaults_taking_the_gang_shopping,
          nicolae_vaults_door_testing_chamber, nicolae_vaults_circle_grid_a,
          nicolae_vaults_variable_pillar_hall, ontoclasm_vaults_pinch,
          layout_vaults_omnigrid, serial_shops,
          nicolae_shop_pleasant_corner_grove
Vaults:5: uniq_jory
Depths:1: layout_small_grid, enter_ziggurat_b, serial_shops, shop, shop,
          nicolae_shop_stone, nicolae_shop_tiny_real_fake_doors,
          nicolae_shop_behind_doors, nicolae_hell_entry_hellmouth_sunbeams,
          grunt_pan_entry_zigzag, amcnicky_mini_pool_small,
          nicolae_qazlal_scattered_showers
Depths:2: minmay_bubble_buster, layout_gridlike, pf_vacation_house_of_asmodeus,
          rand_demon_pan_entry_9, serial_corexii_hall, chequers_hall_statues_y,
          chequers_hall_statues_y, infiniplex_staircase_pool_2,
          serial_bayou_shore_b
Depths:3: minmay_polygon_palace, layout_gridlike,
          infiniplex_staircase_split_hallway, rand_demon_pan_entry_4,
          hangedman_coc_ice_floe, abyss_entry, lemuel_angel_altar,
          minmay_shop_grove
Depths:4: lemuel_castle_with_subvaults [lemuel_castle_interior_carwin_3],
          layout_gridlike, grunt_hell_entry_dis_old, pan_entry,
          abyss_entry_crystal, bh_walls_and_bars, serial_bayou_pond_b
Zot:1:    layout_misc_corridors, regret_index_zotdec_twisting_globes
Zot:2:    layout_misc_corridors, st_large_dragon_hoard_4, grunt_megastairs_4
Zot:3:    layout_concentric_octagons
Zot:4:    ebering_klown_carousel, layout_cathedral_of_symmetry,
          regret_index_zotdec_serpentine_coiled
Zot:5:    layout_misc_corridors

Skill      XL: |  1  2  3  4  5  6  7  8  9 10 11 12 13 14 15 16 17 18 19 20 21 22 23 24 25 26 27 |
---------------+----------------------------------------------------------------------------------+-----
Short Blades   | 2 3 5 8 10 11 15 18 19 23 26 27 | 27.0
Fighting       | 1 2 3 5 7 10 12 17 19 22 24 | 24.8
Dodging        | 3 4 5 6 10 11 14 15 17 20 21 22 25 | 25.6
Ice Magic      | 1 |  1.0
Hexes          | 6 7 10 | 10.7
Stealth        | 6 10 14 15 21 23 25 | 25.3
Evocations     | 6 |  6.8
Armour         | 3 4 5 9 10 16 | 16.9
Shields        | 4 5 7 |  7.2
Spellcasting   | 3 5 6 |  6.1
Throwing       | 5 6 |  6.2
Air Magic      | 4 10 | 10.2
Earth Magic    | 1 6 |  6.0

Action                     |  1- 3 |  4- 6 |  7- 9 | 10-12 | 13-15 | 16-18 | 19-21 | 22-24 | 25-27 || total
---------------------------+-------+-------+-------+-------+-------+-------+-------+-------+-------++-------
  Melee: Dagger            |    60 |    73 |   204 |  1096 |     2 |       |       |       |       ||  1435
         Punch             |       |     3 |     6 |     3 |       |       |       |       |       ||    12
         Short sword       |       |       |       |       |  1509 |  1006 |       |       |       ||  2515
         Rapier            |       |       |       |       |       |   682 |  1720 |  1837 |  2444 ||  6683
  Throw: Dart              |       |       |       |     4 |     3 |     1 |     5 |       |    28 ||    41
         Throwing net      |       |       |       |     3 |       |     3 |     2 |       |     1 ||     9
   Cast: Ensorcelled Hiber |       |       |    13 |    13 |     9 |       |       |       |       ||    35
         Confusing Touch   |       |       |       |       |     1 |    28 |     8 |     7 |     5 ||    49
         Silence           |       |       |       |       |       |       |       |     8 |   133 ||   141
         Passwall          |       |       |       |       |       |       |       |       |    23 ||    23
 Invoke: Curse Item        |       |       |       |     6 |     2 |     5 |     1 |     2 |     2 ||    18
         Shatter the Chain |       |       |       |       |     2 |     3 |     1 |     1 |     1 ||     8
  Evoke: Wand              |       |       |       |     7 |     4 |     6 |     8 |     2 |     5 ||    32
         Phial of floods   |       |       |       |     1 |       |       |       |       |       ||     1
    Use: Potion            |       |     1 |     2 |     2 |     1 |     1 |     4 |     2 |     3 ||    16
         Scroll            |       |     4 |     7 |       |     2 |    12 |     5 |     3 |     3 ||    36
   Stab: Sleeping          |    14 |    23 |    21 |    41 |    88 |   144 |   128 |   164 |   240 ||   863
         Distracted        |     1 |     1 |     1 |     6 |    11 |     7 |    31 |    10 |    20 ||    88
         Invisible         |       |       |     2 |     4 |       |       |       |       |       ||     6
         Confused          |       |       |       |       |     1 |    32 |    15 |     9 |     5 ||    62
         Held in net/web   |       |       |       |       |       |     2 |     1 |       |     1 ||     4
 Armour: Robe              |    17 |    14 |    47 |   161 |   186 |   105 |       |       |       ||   530
         Swamp dragon scal |       |       |       |       |       |   117 |   226 |   194 |   364 ||   901
  Dodge: Dodged            |    33 |    28 |   163 |   707 |  1141 |  1019 |   958 |   882 |  1334 ||  6265
  Block: Buckler           |       |       |       |   195 |   442 |   500 |   615 |   669 |   580 ||  3001
         Reflection        |       |       |       |       |       |       |     6 |    32 |       ||    38
